AoeStats
← DariiX

MegaRandom

507083294Analyzed
2v2 RM · 15d ago on Sep 16, 2026· 30m 24s· 4 players
Game mode
Random Map
Map size
Medium (4 player)
Population
200
Speed
Normal
Resources
Standard
Victory
Conquest
Starting age
Dark Age
Ending age
Imperial Age
RankedLock teamsTeams togetherTeam positionsShared explorationLock speedFull tech treeHidden civsTurbo modeCheats
Victory
Defeat
🇹🇼 Jurchens · Taiwan
832
+15
🇩🇪 Persians · Germany
821
+16
🇵🇱 Poles · Poland
828
-30
🇩🇪 Vietnamese · Germany
801
-15
DariiX
13:31 Feudal Age
15:08 Wheelbarrow
14:20 Horse Collar
14:33 Double-Bit Axe
14:59 Fishing Lines
15:46 Stone Mining
15:47 Gold Mining
22:37 Forging
25:33 Castle Age
DarkEater
11:54 Feudal Age
12:23 Double-Bit Axe
15:34 Horse Collar
16:07 Fishing Lines
20:18 Castle Age
18:48 Gold Mining
23:48 Wheelbarrow
23:48 Bow Saw
23:46 Heavy Plow
24:23 Hand Cart
23:54 Town Watch
24:57 Stone Mining
26:27 Medium Warships
26:20 Gillnets
26:29 Loom
27:45 Stone Shaft Mining
藥師佛
0:29 Loom
14:59 Feudal Age
15:55 Double-Bit Axe
15:58 Fishing Lines
18:17 Gold Mining
19:40 Stone Mining
19:40 Horse Collar
22:25 Castle Age
23:10 Gillnets
23:32 Medium Warships
23:21 Demolition Ship
25:54 Bow Saw
26:22 Stone Shaft Mining
26:24 Gold Shaft Mining
26:53 Wheelbarrow
26:04 Town Watch
27:21 Fortified Bastions
33:10 Imperial Age
30:59 Hand Cart
30:44 Town Patrol
ek55
10:08 Loom
11:54 Feudal Age
13:10 Double-Bit Axe
15:39 Wheelbarrow
15:31 Horse Collar
16:42 Fishing Lines
18:16 Town Watch
22:45 Castle Age
22:58 Castle Age
24:13 Medium Warships
23:25 Demolition Ship
25:03 Gillnets
25:22 Husbandry
26:24 Bow Saw
26:16 Heavy Plow
27:04 Bloodlines
27:11 Scale Barding Armor
29:01 Chain Barding Armor
Connection lost

Rejoining the realm…

Still unreachable

The connection could not be restored.

Session expired

The server has moved on; the page needs a fresh start.